TOP OF THE 1ST |
Fresno HS Red Wings batting - Pitching for Jeffersonville-Youngsville Central HS Trojans : RHP John Ashe
|
Pitching: RHP John Ashe
|
|
Batting: RHB Chris Osborn
|
0-0: Foul Ball, location: 2F 0-1: Fly out, F6 (Popup, 6)
|
Batting: LHB Jack Mitchell
|
0-0: Ball 1-0: Called Strike 1-1: Called Strike 1-2: Ball 2-2: Strikes out swinging
|
Batting: RHB Jack Hogan
|
0-0: Ball 1-0: Ball 2-0: Ball 3-0: Base on Balls
|
Batting: RHB Juan Bruno
|
0-0: Ball 1-0: Ball 2-0: Ball 3-0: Base on Balls Jack Hogan to second
|
Batting: RHB Cristo Avalos
|
0-0: Called Strike 0-1: Swinging Strike 0-2: Ball 1-2: Ball 2-2: Strikes out swinging
|
Top of the 1st over - 0 run(s), 0 hit(s), 0 error(s), 2 left on base; Fresno HS 0 - Jeffersonville-Youngsville Central HS 0 |
BOTTOM OF THE 1ST |
Jeffersonville-Youngsville Central HS Trojans batting - Pitching for Fresno HS Red Wings : RHP Jason Gutiérrez
|
Pitching: RHP Jason Gutiérrez
|
|
Batting: RHB Albert Smedley
|
0-0: Foul Ball, location: 2F 0-1: Ball 1-1: SINGLE (Line Drive, 9S)
|
Batting: RHB Albert Hunt
|
0-0: Foul Ball, location: 2F 0-1: Ball 1-1: Foul Ball, location: 2F 1-2: Ball 2-2: Ball 3-2: Strikes out swinging Albert Smedley steals 2nd base Batter strikes out.
|
Batting: LHB Abel Wheeler
|
0-0: Ball 1-0: Ball 2-0: Ball 3-0: Called Strike 3-1: Base on Balls
|
Batting: LHB Allen Boyd
|
0-0: Ball 1-0: Called Strike 1-1: Foul Ball, location: 2F 1-2: Foul Ball, location: 2F 1-2: Ball 2-2: Foul Ball, location: 2F 2-2: Ball 3-2: Base on Balls Albert Smedley to third Abel Wheeler to second
|
Batting: RHB Tim Richard
|
0-0: Called Strike 0-1: Foul Ball, location: 2F 0-2: Strikes out swinging
|
Batting: RHB Carlos Rosa
|
0-0: Ball 1-0: Foul Ball, location: 2F 1-1: Ball 2-1: Ball 3-1: Swinging Strike 3-2: Strikes out looking
|
Bottom of the 1st over - 0 run(s), 1 hit(s), 0 error(s), 3 left on base; Fresno HS 0 - Jeffersonville-Youngsville Central HS 0 |
TOP OF THE 2ND |
Fresno HS Red Wings batting - Pitching for Jeffersonville-Youngsville Central HS Trojans : RHP John Ashe
|
Batting: RHB Ward Dempsey
|
0-0: Foul Ball, location: 2F 0-1: Ball 1-1: Called Strike 1-2: Ball 2-2: Foul Ball, location: 2F 2-2: Strikes out looking
|
Batting: RHB Bobby Burks
|
0-0: Ball 1-0: Called Strike 1-1: Swinging Strike 1-2: Strikes out swinging
|
Batting: LHB Julián Echevarría
|
0-0: Ground out 4-3 (Groundball, 34)
|
Top of the 2nd over - 0 run(s), 0 hit(s), 0 error(s), 0 left on base; Fresno HS 0 - Jeffersonville-Youngsville Central HS 0 |
BOTTOM OF THE 2ND |
Jeffersonville-Youngsville Central HS Trojans batting - Pitching for Fresno HS Red Wings : RHP Jason Gutiérrez
|
Batting: RHB William Gilmore
|
0-0: Hit by Pitch
|
Batting: RHB Mike Weeks
|
0-0: Ball 1-0: Foul Ball, location: 2F 1-1: Foul Ball, location: 2F 1-2: Foul Ball, location: 2F 1-2: Strikes out looking
|
Batting: LHB Roberto Martínez
|
0-0: Called Strike 0-1: Swinging Strike 0-2: Foul Ball, location: 2F 0-2: Strikes out looking
|
Batting: RHB Albert Smedley
|
0-0: Ball 1-0: Ball 2-0: Fly out, F5 (Line Drive, 5)
|
Bottom of the 2nd over - 0 run(s), 0 hit(s), 0 error(s), 1 left on base; Fresno HS 0 - Jeffersonville-Youngsville Central HS 0 |
TOP OF THE 3RD |
Fresno HS Red Wings batting - Pitching for Jeffersonville-Youngsville Central HS Trojans : RHP John Ashe
|
Batting: RHB Harvey Willis
|
0-0: Ball 1-0: Called Strike 1-1: Called Strike 1-2: Foul Ball, location: 2F 1-2: Ball 2-2: Strikes out looking
|
Batting: RHB Chris Osborn
|
0-0: Ball 1-0: Called Strike 1-1: Foul Ball, location: 2F 1-2: Ball 2-2: Strikes out looking
|
Batting: LHB Jack Mitchell
|
0-0: Foul Ball, location: 2F 0-1: Called Strike 0-2: Ball 1-2: Strikes out looking
|
Top of the 3rd over - 0 run(s), 0 hit(s), 0 error(s), 0 left on base; Fresno HS 0 - Jeffersonville-Youngsville Central HS 0 |
BOTTOM OF THE 3RD |
Jeffersonville-Youngsville Central HS Trojans batting - Pitching for Fresno HS Red Wings : RHP Jason Gutiérrez
|
Batting: RHB Albert Hunt
|
0-0: Fly out, F7 (Flyball, 7LM)
|
Batting: LHB Abel Wheeler
|
0-0: Ball 1-0: Swinging Strike 1-1: Swinging Strike 1-2: Ball 2-2: Strikes out looking
|
Batting: LHB Allen Boyd
|
0-0: Ball 1-0: Called Strike 1-1: Ball 2-1: Ball 3-1: Foul Ball, location: 2F 3-2: Base on Balls
|
Batting: RHB Tim Richard
|
0-0: Ball 1-0: Ball 2-0: Foul Ball, location: 2F 2-1: Ball 3-1: Base on Balls Allen Boyd to second
|
Batting: RHB Carlos Rosa
|
0-0: Foul Ball, location: 2F 0-1: Ball 1-1: Swinging Strike 1-2: Ball 2-2: Ball 3-2: Base on Balls Allen Boyd to third Tim Richard to second
|
Batting: RHB William Gilmore
|
0-0: TRIPLE (Line Drive, 5L) Allen Boyd scores Tim Richard scores Carlos Rosa scores
|
Batting: RHB Mike Weeks
|
0-0: Swinging Strike 0-1: Ball 1-1: Fly out, F9 (Line Drive, 9M)
|
Bottom of the 3rd over - 3 run(s), 1 hit(s), 0 error(s), 1 left on base; Fresno HS 0 - Jeffersonville-Youngsville Central HS 3 |
TOP OF THE 4TH |
Fresno HS Red Wings batting - Pitching for Jeffersonville-Youngsville Central HS Trojans : RHP John Ashe
|
Batting: RHB Jack Hogan
|
0-0: Swinging Strike 0-1: Ball 1-1: Ground out 4-3 (Groundball, 4)
|
Batting: RHB Juan Bruno
|
0-0: Swinging Strike 0-1: Called Strike 0-2: Ball 1-2: Ball 2-2: Ground out 4-3 (Groundball, 4)
|
Batting: RHB Cristo Avalos
|
0-0: Ball 1-0: Ball 2-0: Ball 3-0: Base on Balls
|
Batting: RHB Ward Dempsey
|
0-0: Ball 1-0: Foul Ball, location: 2F 1-1: Called Strike 1-2: Ball 2-2: Strikes out swinging
|
Top of the 4th over - 0 run(s), 0 hit(s), 0 error(s), 1 left on base; Fresno HS 0 - Jeffersonville-Youngsville Central HS 3 |
BOTTOM OF THE 4TH |
Jeffersonville-Youngsville Central HS Trojans batting - Pitching for Fresno HS Red Wings : RHP Jason Gutiérrez
|
Batting: LHB Roberto Martínez
|
0-0: Ball 1-0: SINGLE (Line Drive, 7LS)
|
Batting: RHB Albert Smedley
|
0-0: Called Strike 0-1: Grounds into double play, 1-6-3 (Groundball, 23)
|
Batting: RHB Albert Hunt
|
0-0: Swinging Strike 0-1: Swinging Strike 0-2: Strikes out looking
|
Bottom of the 4th over - 0 run(s), 1 hit(s), 0 error(s), 0 left on base; Fresno HS 0 - Jeffersonville-Youngsville Central HS 3 |
TOP OF THE 5TH |
Fresno HS Red Wings batting - Pitching for Jeffersonville-Youngsville Central HS Trojans : RHP John Ashe
|
Batting: RHB Bobby Burks
|
0-0: Foul Ball, location: 2F 0-1: Ball 1-1: Ball 2-1: Ball 3-1: Ground out 6-3 (Groundball, 6)
|
Batting: LHB Julián Echevarría
|
0-0: Called Strike 0-1: Ball 1-1: Ball 2-1: Ball 3-1: Called Strike 3-2: Foul Ball, location: 2F 3-2: Base on Balls
|
Batting: RHB Harvey Willis
|
0-0: Ball 1-0: Ball 2-0: Called Strike Julián Echevarría steals 2nd base 2-1: Ground out 6-3 (Groundball, 6)
|
Batting: RHB Chris Osborn
|
0-0: Called Strike 0-1: Ball 1-1: Foul Ball, location: 2F 1-2: Foul Ball, location: 2F 1-2: Foul Ball, location: 2F 1-2: Foul Ball, location: 2F 1-2: Strikes out swinging
|
Top of the 5th over - 0 run(s), 0 hit(s), 0 error(s), 1 left on base; Fresno HS 0 - Jeffersonville-Youngsville Central HS 3 |
BOTTOM OF THE 5TH |
Jeffersonville-Youngsville Central HS Trojans batting - Pitching for Fresno HS Red Wings : RHP Jason Gutiérrez
|
Batting: LHB Abel Wheeler
|
0-0: Ball 1-0: Ball 2-0: Ball 3-0: Called Strike 3-1: Called Strike 3-2: Strikes out swinging
|
Pitching: RHP Greg Cooper
|
|
Batting: LHB Allen Boyd
|
0-0: Ball 1-0: Foul Ball, location: 2F 1-1: Foul Ball, location: 2F 1-2: Strikes out swinging
|
Batting: RHB Tim Richard
|
0-0: Called Strike 0-1: Foul Ball, location: 2F 0-2: Hit by Pitch
|
Batting: RHB Carlos Rosa
|
0-0: Ball 1-0: Reached on error, E4 (Groundball, 4) Tim Richard to second
|
Batting: RHB William Gilmore
|
0-0: Ball 1-0: Ball 2-0: Called Strike 2-1: SINGLE (Line Drive, 4D) Tim Richard to third Carlos Rosa to second
|
Batting: RHB Mike Weeks
|
0-0: Foul Ball, location: 2F 0-1: Foul Ball, location: 2F 0-2: Strikes out swinging
|
Bottom of the 5th over - 0 run(s), 1 hit(s), 1 error(s), 3 left on base; Fresno HS 0 - Jeffersonville-Youngsville Central HS 3 |
TOP OF THE 6TH |
Fresno HS Red Wings batting - Pitching for Jeffersonville-Youngsville Central HS Trojans : RHP John Ashe
|
Batting: LHB Jack Mitchell
|
0-0: Ball 1-0: Called Strike 1-1: Swinging Strike 1-2: Ball 2-2: Ground out 1-3 (Groundball, 23)
|
Batting: RHB Jack Hogan
|
0-0: Ball 1-0: Ball 2-0: Called Strike 2-1: Fly out, F8 (Line Drive, 8RM)
|
Batting: RHB Juan Bruno
|
0-0: Called Strike 0-1: Called Strike 0-2: Ground out 4-3 (Groundball, 4)
|
Top of the 6th over - 0 run(s), 0 hit(s), 0 error(s), 0 left on base; Fresno HS 0 - Jeffersonville-Youngsville Central HS 3 |
BOTTOM OF THE 6TH |
Jeffersonville-Youngsville Central HS Trojans batting - Pitching for Fresno HS Red Wings : RHP Greg Cooper
|
Batting: LHB Roberto Martínez
|
0-0: Called Strike 0-1: Foul Ball, location: 2F 0-2: Foul Ball, location: 2F 0-2: Ball 1-2: Ground out U3 (Groundball, 3)
|
Batting: RHB Albert Smedley
|
0-0: Ball 1-0: Reached on error, E5 (Groundball, 56)
|
Batting: RHB Albert Hunt
|
0-0: SINGLE (Groundball, 6S) Albert Smedley to second
|
Batting: LHB Abel Wheeler
|
0-0: Ball 1-0: Called Strike 1-1: Fly out, F6 (Line Drive, 6M)
|
Batting: LHB Allen Boyd
|
0-0: Called Strike 0-1: Ball 1-1: Called Strike 1-2: Ball 2-2: Ball 3-2: SINGLE (Groundball, 5D) Albert Smedley to third Albert Hunt to second Albert Smedley scores Albert Hunt to third
|
Batting: RHB Tim Richard
|
0-0: Ball 1-0: SINGLE (Groundball, 4) Albert Hunt scores Allen Boyd to second Runner from 2nd tries for 3rd, OUT!
|
Bottom of the 6th over - 2 run(s), 3 hit(s), 1 error(s), 1 left on base; Fresno HS 0 - Jeffersonville-Youngsville Central HS 5 |
TOP OF THE 7TH |
Fresno HS Red Wings batting - Pitching for Jeffersonville-Youngsville Central HS Trojans : RHP John Ashe
|
Batting: RHB Cristo Avalos
|
0-0: Foul Ball, location: 2F 0-1: Foul Ball, location: 2F 0-2: Foul Ball, location: 2F 0-2: Ball 1-2: Ball 2-2: Ball 3-2: Base on Balls
|
Batting: RHB Ward Dempsey
|
0-0: Foul Ball, location: 2F 0-1: Called Strike 0-2: Ball 1-2: Ball 2-2: Strikes out swinging
|
Batting: RHB Bobby Burks
|
0-0: Called Strike 0-1: Swinging Strike 0-2: Foul Ball, location: 2F 0-2: Foul Ball, location: 2F 0-2: Strikes out swinging
|
Batting: LHB Julián Echevarría
|
0-0: Ball 1-0: Ball 2-0: Fly out, F7 (Flyball, 7S)
|
Top of the 7th over - 0 run(s), 0 hit(s), 0 error(s), 1 left on base; Fresno HS 0 - Jeffersonville-Youngsville Central HS 5 |
BOTTOM OF THE 7TH |
Jeffersonville-Youngsville Central HS Trojans batting - Pitching for Fresno HS Red Wings : RHP Greg Cooper
|
Batting: RHB Carlos Rosa
|
0-0: Ball 1-0: Foul Ball, location: 2F 1-1: Ball 2-1: Ball 3-1: SINGLE (Groundball, 4M)
|
Batting: RHB William Gilmore
|
0-0: Called Strike 0-1: Foul Ball, location: 2F 0-2: SINGLE (Line Drive, 56D) Carlos Rosa to second
|
Batting: RHB Mike Weeks
|
0-0: Ball 1-0: Bunted foul 1-1: Sac Bunt - play at first, batter OUT! U3 Carlos Rosa to third William Gilmore to second
|
Pitching: RHP Qi-chen Mi
|
|
Batting: LHB Roberto Martínez
|
0-0: Ball 1-0: Fly out, F6 (Popup, 56D)
|
Batting: RHB Albert Smedley
|
0-0: Ball 1-0: SINGLE (Line Drive, 34) Carlos Rosa scores William Gilmore to third Runner from 3rd tries for Home, SAFE, no throw or cutoff
|
Batting: RHB Albert Hunt
|
0-0: Ball 1-0: Ball 2-0: Ball 3-0: Called Strike 3-1: DOUBLE (Line Drive, 89S) Albert Smedley to third Runner from 3rd tries for Home, throw and OUT!
|
Bottom of the 7th over - 2 run(s), 4 hit(s), 0 error(s), 1 left on base; Fresno HS 0 - Jeffersonville-Youngsville Central HS 7 |
TOP OF THE 8TH |
Fresno HS Red Wings batting - Pitching for Jeffersonville-Youngsville Central HS Trojans : RHP John Ashe
|
Now in CF: Mike McGee
|
|
Batting: RHB Harvey Willis
|
0-0: Ball 1-0: Ball 2-0: Called Strike 2-1: Ball 3-1: Base on Balls
|
Batting: RHB Chris Osborn
|
0-0: Foul Ball, location: 2F 0-1: Foul Ball, location: 2F 0-2: Strikes out swinging
|
Batting: LHB Jack Mitchell
|
0-0: Ball 1-0: DOUBLE (Line Drive, 8RM) Harvey Willis to third Runner from 3rd tries for Home, SAFE, no throw or cutoff
|
Pitching: LHP Martín Sandoval
|
|
Batting: RHB Jack Hogan
|
0-0: Foul Ball, location: 2F 0-1: Fly out, F3 (Popup, 3S)
|
Batting: RHB Juan Bruno
|
0-0: Foul Ball, location: 2F 0-1: Reached on error, E3 (Groundball, 3S) Jack Mitchell to third
|
Batting: RHB Cristo Avalos
|
0-0: Ball 1-0: Ball 2-0: Ball 3-0: Base on Balls Juan Bruno to second
|
Batting: RHB Ward Dempsey
|
0-0: Ball 1-0: Called Strike 1-1: GRAND SLAM HOME RUN (Line Drive, 89XD), Distance : 427 ft
|
Pitching: RHP Gary Sonier
|
|
Batting: RHB Bobby Burks
|
0-0: Ground out 5-3 (Groundball, 5S)
|
Top of the 8th over - 5 run(s), 2 hit(s), 1 error(s), 0 left on base; Fresno HS 5 - Jeffersonville-Youngsville Central HS 7 |
BOTTOM OF THE 8TH |
Jeffersonville-Youngsville Central HS Trojans batting - Pitching for Fresno HS Red Wings : RHP Qi-chen Mi
|
Batting: LHB Abel Wheeler
|
0-0: Called Strike 0-1: Foul Ball, location: 2F 0-2: Strikes out swinging
|
Batting: LHB Allen Boyd
|
0-0: Ball 1-0: Ball 2-0: Ball 3-0: Called Strike 3-1: Foul Ball, location: 2F 3-2: Base on Balls
|
Pitching: RHP Jeff Pope
|
|
Batting: RHB Tim Richard
|
0-0: Called Strike 0-1: Ball 1-1: Foul Ball, location: 2F 1-2: Ball 2-2: Ball 3-2: Strikes out swinging
|
Batting: RHB Carlos Rosa
|
0-0: Ball 1-0: Called Strike 1-1: 2-RUN HOME RUN (Flyball, 7D), Distance : 386 ft
|
Batting: RHB William Gilmore
|
0-0: Ball 1-0: SINGLE (Line Drive, 8LS)
|
Batting: RHB Mike Weeks
|
0-0: Called Strike 0-1: Called Strike 0-2: Strikes out swinging
|
Bottom of the 8th over - 2 run(s), 2 hit(s), 0 error(s), 1 left on base; Fresno HS 5 - Jeffersonville-Youngsville Central HS 9 |
TOP OF THE 9TH |
Fresno HS Red Wings batting - Pitching for Jeffersonville-Youngsville Central HS Trojans : RHP Gary Sonier
|
Batting: LHB Julián Echevarría
|
0-0: Ground out 5-3 (Groundball, 56)
|
Batting: RHB Harvey Willis
|
0-0: Ball 1-0: Reached on error, E5 (Groundball, 5L)
|
Batting: RHB Chris Osborn
|
0-0: Foul Ball, location: 2F 0-1: Foul Ball, location: 2F 0-2: Ball 1-2: Strikes out looking
|
Batting: LHB Jack Mitchell
|
0-0: Ball 1-0: Ball 2-0: Ball 3-0: Base on Balls Harvey Willis to second
|
Pitching: RHP Emílio Marín
|
|
Batting: RHB Jack Hogan
|
0-0: 3-RUN HOME RUN (Flyball, 78XD), Distance : 429 ft
|
Batting: RHB Juan Bruno
|
0-0: Called Strike 0-1: Swinging Strike 0-2: Strikes out swinging
|
Top of the 9th over - 3 run(s), 1 hit(s), 1 error(s), 0 left on base; Fresno HS 8 - Jeffersonville-Youngsville Central HS 9 |
|